 Dungeon Crawl Stone Soup version 0.28-a0-1002-gf00fe891ef (webtiles) character file.

Game seed: 15204237256118285698

238 croobank the Sneak (level 5, -2/46 HPs)
             Began as a Draconian Delver on Dec 6, 2021.
             Succumbed to a scorpion's poison
             ... on level 4 of the Dungeon.
             The game lasted 00:16:57 (3878 turns).

croobank the Sneak (Draconian Delver)               Turns: 3878, Time: 00:16:57

Health: -2/46      AC:  6    Str: 16    XL:     5   Next: 78%
Magic:  7/7        EV: 12    Int: 11    God:
Gold:   250        SH:  0    Dex: 12    Spells: 5/6 levels left

rFire   . . .      SeeInvis .   a - +0 hand axe
rCold   . . .      Faith    .   (no shield)
rNeg    . . .      Spirit   .   (armour unavailable)
rPois   .          Reflect  .   (helmet restricted)
rElec   .          Harm     .   e - +0 cloak
rCorr   +          Rampage  .   (no gloves)
Will    +....                   (no boots)
Stlth   +++.......              (no amulet)
HPRegen 0.15/turn               g - ring of resist corrosion
MPRegen 0.10/turn               (no ring)

@: brilliant, lethally poisoned (-2 -> -36)
A: AC +5, unfitting armour, cold-blooded, strong-willed 1, screaming 1
a: no special abilities


You were on level 4 of the Dungeon.
You visited 1 branch of the dungeon, and saw 5 of its levels.

You collected 250 gold pieces.

Inventory:

Hand Weapons
 a - a +0 hand axe (weapon)
Missiles
 c - 30 arrows
 d - 113 stones (quivered)
Armour
 e - a +0 cloak (worn)
 h - a +0 leather armour
Jewellery
 g - a ring of resist corrosion (left hand)
Wands
 f - a wand of digging (3)
 n - a wand of flame (10)
Scrolls
 b - 2 scrolls of fog
 l - a scroll of magic mapping
Potions
 j - 2 potions of flight
 m - a potion of curing {unknown}
 o - a potion of might {unknown}


   Skills:
 + Level 3.7 Fighting
 + Level 3.8 Axes
 + Level 2.4 Dodging
 + Level 5.3 Stealth
 * Level 1.4 Spellcasting
 * Level 1.5 Poison Magic


You had 5 spell levels left.
You knew the following spells:

 Your Spells              Type           Power      Damage    Failure   Level
a - Sting                 Tmut/Pois      12%        1d3       22%         1

Your spell library contained the following spells:

 Spells                   Type           Power      Damage    Failure   Level
 Poisonous Vapours        Pois/Air       6%         N/A       34%         2
 Olgreb's Toxic Radiance  Pois           6%         N/A       86%         4


Dungeon Overview and Level Annotations

Branches:
Dungeon (5/15)
 Temple: D:4-7

Altars:
Uskayaw
Beogh


Innate Abilities, Weirdness & Mutations

Your plain brown scales are hard. (AC +5)
You cannot fit into any form of body armour.
You are cold-blooded and may be slowed by cold attacks.
You are strong-willed. (Will+)
You occasionally shout uncontrollably at your foes.


Message History

The scorpion is moderately wounded.
The scorpion completely misses you. The scorpion misses you.
You barely miss the scorpion.
The scorpion is moderately wounded.
The scorpion closely misses you.
You barely miss the scorpion.
The scorpion is moderately wounded.
The scorpion closely misses you.
You hit the scorpion.
Your tail-slap misses the scorpion.
The scorpion is moderately wounded.
The scorpion closely misses you. The scorpion stings you!
You closely miss the scorpion.
The scorpion is moderately wounded.
The scorpion stings you.
You hit the scorpion.
The scorpion is heavily wounded.
The scorpion closely misses you.
You hit the scorpion.
The scorpion is heavily wounded.
The scorpion closely misses you. The scorpion stings you.
You are poisoned.
The scorpion poisons you!
You barely miss the scorpion.
The scorpion is heavily wounded.
You feel very sick. The scorpion stings you.
You are lethally poisoned!
The scorpion poisons you!
You hit the scorpion.
The scorpion is severely wounded.
* * * LOW HITPOINT WARNING * * *
You feel very sick. The scorpion stings you.
* * * LOW HITPOINT WARNING * * *
You are more poisoned.
The scorpion poisons you!
Okay, then.
It was a potion of brilliance.
You feel clever all of a sudden.
You die...

*** ### ****,* #<#
,,,,,* #.# ****,* #.#
,,,,,* #.# ,**,,*
******###@##### ,,*,,*
#........s....#
,,*,,**#.#######.###.#
***,,,,#.# #.#...#
,,*,**,#.# ###.#.###
*,*,**,#.# #.......#
*,*,**,#.# #...#.#.#
*,*,,,,#.#########.#.#
*,***###.#.........#.#


You could see a scorpion.

Vanquished Creatures
  A sky beast (D:3)
  A water moccasin skeleton (D:2)
  2 adders
  3 worms
  A dart slug (D:1)
  7 endoplasms
  4 giant cockroaches
  3 goblins
  5 hobgoblins
  7 jackals
  A quokka (D:1)
  10 ball pythons
  9 bats
  6 frilled lizards
  8 kobolds
  4 rats
72 creatures vanquished.

Notes
Turn   | Place    | Note
-------+----------+-------------------------------------------
     0 | D:5      | croobank the Draconian Delver began the quest for the Orb.
     0 | D:5      | Reached XP level 1. HP: 19/19 MP: 1/1
     6 | D:5      | Noticed an iguana
   113 | D:4      | Noticed a scorpion
   750 | D:2      | Reached XP level 2. HP: 24/26 MP: 2/2
  1258 | D:1      | Reached skill level 5 in Stealth
  1412 | D:1      | Reached XP level 3. HP: 27/31 MP: 3/3
  1552 | D:1      | Found a faded altar of an unknown god.
  1572 | D:1      | Learned a level 1 spell: Sting
  2045 | D:1      | Gained mutation: Potions are less effective at restoring
                  | your health. [potion of mutation]
  2046 | D:1      | Lost mutation: Potions are less effective at restoring your
                  | health. [potion of mutation]
  2046 | D:1      | Gained mutation: You occasionally shout uncontrollably at
                  | your foes. [potion of mutation]
  2046 | D:1      | Gained mutation: You are strong-willed. (Will+) [potion of
                  | mutation]
  2096 | D:2      | Found a hide-covered altar of Uskayaw.
  2332 | D:2      | Reached XP level 4. HP: 22/38 MP: 4/4
  2578 | D:2      | Reached skill level 1 in Poison Magic
  3124 | D:3      | Reached XP level 5. HP: 43/45 MP: 6/6
  3218 | D:3      | Noticed a sky beast
  3258 | D:3      | Killed a sky beast
  3259 | D:3      | Reached skill level 1 in Spellcasting
  3878 | D:4      | Succumbed to a scorpion's poison

Illustrated notes

Levels and vault maps discovered:
D:1:      dpeg_arrival_concentric_ovals, layout_basic,
          hellmonk_ecumenical_altar_defaced_shrine
D:2:      layout_loops_ring, basic_altar, st_stairs_2, minmay_heptomino_w4
D:3:      layout_loops_cross, nrook_campfire
D:4:      layout_basic, overflow_temple_1_default
D:5:      layout_cave_pools, nicolae_qazlal_general_emergency, uniq_ijyb

Skill      XL: |  1  2  3  4  5 |
---------------+----------------+-----
Stealth        | 5 |  5.3
Dodging        | 2 |  2.4
Axes           | 3 |  3.8
Poison Magic   | 1 |  1.5
Spellcasting   | 1 |  1.4
Fighting       | |  3.7

Action                   |  1- 3 |  4- 6 || total
-------------------------+-------+-------++-------
Melee: Hand axe          |   153 |   114 ||   267
       Tailslap          |    15 |    14 ||    29
  Use: Scroll            |     2 |     4 ||     6
       Potion            |     4 |     2 ||     6
 Stab: Sleeping          |     8 |     6 ||    14
       Distracted        |     1 |       ||     1
Armor: Skin              |    54 |    43 ||    97
Dodge: Dodged            |   114 |    48 ||   162

Table legend: (Time is in decaauts)
 A = Elapsed time spent in this place.
 B = Non-inter-level travel time spent in this place.
 C = Inter-level travel time spent in this place.
 D = Time resting spent in this place.
 E = Time spent auto-exploring this place.
 F = Levels seen in this place.
 G = Mean time per level.
                   A        B        C        D        E       F      G
               +--------+--------+--------+--------+--------+-----+--------+
         Total |   3913 |   3825 |     88 |    652 |   2095 |   5 |  782.6 |
       Dungeon |   3913 |   3825 |     88 |    652 |   2095 |   5 |  782.6 |
               +--------+--------+--------+--------+--------+-----+--------+

Top non-repeatable levels by time:
     D:3: 1249 daAuts
     D:1: 1205 daAuts
     D:2: 1193 daAuts
     D:4: 218 daAuts
     D:5: 47 daAuts
